Unix NetHack Version 5.0.0-0 post-release - last build May  4 2026 22:22:43 (774f63e81ad911689b3a0859ea89b322d5daca8d,branch:main).

Game began 2026-05-07 10:42:10, ended 2026-05-07 10:59:54.

DiePARTEI, chaotic female orcish Rogue

                                                  ----------       -----------
    --------                                      |........|       |.........|
    |......-##############################       #.........|       |.........|
    |......|       ---------             #########|........|       |.........|
    |......|       |%......|         ---------    |........|      #..........|
    -.------      #........-##       |.......|    |........|      #|.........|
     ######       #|.......| ########........|    -|--------      #----|------
          ####### #---------         |.......+     #            ###    #
                # #                  |.@G{...|     #       0#####    ###
                # ###                |(F......     #       #         #
                #   #                ---------     #       #         #
      ----------|---#                              ####    #        ##
      |............-#                                 #    #        #
      |............|                                  ##   #       ##  #
      |............|                               ----.-- #    ---.---.----
      |......{.....|                               |.....-######...........|
      |.............#######                        -.(<..|###   |.....>....|
      --------------                               |.....-#     |..........|
                                                   -------      ------------

DiePARTEI the Cutpurse  St:9 Dx:18 Co:15 In:15 Wi:9 Ch:9  Chaotic
Dlvl:5  $:59 HP:0(41) Pw:8(8) AC:6  Xp:4 T:2235  Burdened

Latest messages:
 There is a doorway here.
 You see here a dart.
 O - a dart.
 You feel less confused now.
 You see here 9 darts.
 O - 9 darts (10 in total).
 You see here a chest.
 In what direction? .
 There is a chest here.  Check it for traps? [ynq] (q) y
 You find no traps on the chest.
 Hmmm, the chest turns out to be locked.
 Unlock it with your lock pick? [ynq] (q) y
 You succeed in picking the lock.
 In what direction? <enter>
 P - a silver spellbook.
 You have a little trouble removing 3 potions of healing.  Continue? [ynq] (q) y
 You have a little trouble removing Q - 3 potions of healing.
 Your movements are slowed slightly because of your load.
 What do you want to drink? [dGQ or ?*] Q
 You feel better.
 What do you want to use or apply? [e-gtCDFJP or ?*] J
 A gnome lady suddenly appears next to you!
 You hit the gnome lady!
 You hit the gnome lady.
 The gnome lady wields a thonged club!
 The gnome lady secures the tether on the thonged club.
 You hit the gnome lady!
 The gnome lady swings her thonged club.
 The gnome lady hits!
 You hit the gnome lady.
 The gnome lady swings her thonged club.
 The gnome lady hits!
 You miss the gnome lady.
 The gnome lady swings her thonged club.
 The gnome lady hits!
 You hit the gnome lady.
 The gnome lady swings her thonged club.
 The gnome lady just misses!
 You miss the gnome lady.
 The gnome lady swings her thonged club.
 The gnome lady hits!
 You miss the gnome lady.
 The gnome lady swings her thonged club.
 The gnome lady hits!
 You die...
 Do you want your possessions identified? [ynq] (y) y
 Do you want to see your attributes? [ynq] (y) n
 Do you want an account of creatures vanquished? [ynaq] (y) y
 Do you want to see your conduct and achievements? [ynq] (y) y
 Do you want to see the dungeon overview? [ynq] (y) y

Inventory:
 Coins    ('$')
  $ - 59 gold pieces
 Weapons  (')')
  O - 10 blessed +0 darts
  A - 5 +0 darts (at the ready)
  v - a +0 dagger
  D - a +0 dwarvish mattock
  a - a blessed +0 orcish short sword (weapon in right hand)
 Armor    ('[')
  n - an uncursed +0 orcish helm (being worn)
  H - an uncursed +0 pair of elven boots
  L - an uncursed +0 mummy wrapping
  c - an uncursed +1 leather armor (being worn)
 Comestibles  ('%')
  o - an uncursed banana
  g - an uncursed cream pie
  h - an uncursed food ration
  E - an uncursed pancake
  I - an uncursed tripe ration
  z - an uncursed lichen corpse
 Scrolls  ('?')
  i - a blessed scroll of charging
  q - an uncursed scroll of create monster
  N - an uncursed scroll of destroy armor
  s - an uncursed scroll of earth
  p - a blessed scroll of fire
  l - an uncursed scroll of light
  j - an uncursed scroll of taming
  M - an uncursed scroll of teleportation
 Spellbooks  ('+')
  P - a blessed spellbook of detect monsters
 Potions  ('!')
  G - an uncursed potion of full healing
  Q - 2 uncursed potions of healing
  d - an uncursed potion of sickness
 Wands    ('/')
  C - a wand of teleportation (0:2)
 Tools    ('(')
  f - an empty uncursed sack
  J - a bag of tricks (0:11)
  F - an uncursed leash
  e - an uncursed lock pick
  t - an uncursed towel

DiePARTEI the Rogue's attributes:

Background:
 You were a Cutpurse, a level 4 female orcish Rogue.
 You were chaotic, on a mission for Kos
 who was opposed by Issek (lawful) and Mog (neutral).
 You were right-handed.
 You were in the Dungeons of Doom, on level 5.
 You entered the dungeon 2235 turns ago.
 You had 130 experience points, 30 more were needed to attain level 5.

Basics:
 You had 0 out of 41 hit points.
 You had all 8 energy points (spell power).
 Your armor class was 6.
 Your wallet contained 59 zorkmids.
 Autopickup was off.

Final Characteristics:
 Your strength was 9 (limit:18/50).
 Your dexterity was 18 (limit:18).
 Your constitution was 15 (limit:18).
 Your intelligence was 15 (limit:16).
 Your wisdom was 9 (limit:16).
 Your charisma was 9 (limit:16).

Final Status:
 You weren't hungry.
 You were burdened; movement was slightly slowed.
 You were wielding a short sword.
 You had basic skill with short sword.

Final Attributes:
 You were piously aligned.
 You were poison resistant.
 You were telepathic.
 You had infravision.
 You were stealthy.
 You were warded.
 You are dead.

Miscellaneous:
 You didn't encounter any bones levels.
 Total elapsed playing time was 17 minutes and 42 seconds.

Major events:
 Turn
    1: DiePARTEI the chaotic female orcish Rogue entered the dungeon
  977: entered the Gnomish Mines
 1277: attained the rank of Cutpurse (level 3)
 2235: killed by a gnome lady

You didn't know any spells.

Skills:
 Fighting Skills
   bare handed combat [Unskilled]
   two weapon combat  [Unskilled]
   riding             [Unskilled]
 Weapon Skills
   dagger             [Basic]
   knife              [Unskilled]
   short sword        [Basic]
   broadsword         [Unskilled]
   long sword         [Unskilled]
   two-handed sword   [Unskilled]
   saber              [Unskilled]
   club               [Unskilled]
   mace               [Unskilled]
   morning star       [Unskilled]
   flail              [Unskilled]
   hammer             [Unskilled]
   polearms           [Unskilled]
   spear              [Unskilled]
   crossbow           [Unskilled]
   dart               [Unskilled]
   shuriken           [Unskilled]
 Spellcasting Skills
   divination spells  [Unskilled]
   escape spells      [Unskilled]
   matter spells      [Unskilled]

Voluntary challenges:
 Character rerolling was not enabled.
 You never genocided any monsters.
 You never polymorphed an object.
 You never changed form.
 You used no wishes.
Achievements:
 You entered a shop.
 You entered the Gnomish Mines.
 You attained the rank of Cutpurse.

 The Dungeons of Doom: levels 1 to 6
    Level 1:
    Level 2:
       A general store, a fountain.
    Level 3:
       Stairs down to The Gnomish Mines.
    Level 4:
    Level 5: <- You were here.
       Some fountains.
       Final resting place for
          you, killed by a gnome lady.
    Level 6:
       Many fountains.
       Oracle of Delphi.
 The Gnomish Mines:
    Level 4:


Vanquished creatures:
  a gnome leader
  a kobold mummy
  a straw golem
  a floating eye
  2 kobold leaders
  a rothe
  a monkey
  a large kobold
  2 giant rats
  2 gnomes
  2 jackals
  a fox
  a goblin
  3 grid bugs
  3 bats
  3 lichens
  2 newts
28 creatures vanquished.

No species were genocided or became extinct.

Game over:
                       ----------
                      /          \
                     /    REST    \
                    /      IN      \
                   /     PEACE      \
                  /                  \
                  |    DiePARTEI     |
                  |      59 Au       |
                  |   killed by a    |
                  |    gnome lady    |
                  |                  |
                  |                  |
                  |       2026       |
                 *|     *  *  *      | *
        _________)/\\_//(\/(/\)/\//\/|_)_______

Goodbye DiePARTEI the Rogue...

You died in The Dungeons of Doom on dungeon level 5 with 834 points,
and 59 pieces of gold, after 2235 moves.
You were level 4 with a maximum of 41 hit points when you died.

